 Dungeon Crawl Stone Soup version 0.23.2 (webtiles) character file.

Game seed: 106167695607384570

338 Chiseanne the Skirmisher (level 6, -1/51 HPs)
             Began as a Demonspawn Wanderer on Apr 7, 2019.
             Succumbed to an orc wizard's poison
             ... on level 5 of the Dungeon.
             The game lasted 00:10:04 (6163 turns).

Chiseanne the Skirmisher (Demonspawn Wanderer)      Turns: 6163, Time: 00:10:04

Health: -1/51      AC:  8    Str: 14    XL:     6   Next: 29%
Magic:  15/15      EV: 10    Int: 18    God:
Gold:   311        SH:  0    Dex: 15    Spells: 5/5 levels left

rFire    + . .     SeeInvis .   a - +1 short sword
rCold    . . .     Gourm    .   (no shield)
rNeg     . . .     Faith    .   e - +0 scale mail
rPois    .         Spirit   .   (helmet restricted)
rElec    .         Reflect  .   (no cloak)
rCorr    .         Harm     .   (no gloves)
MR       .....                  u - +1 pair of boots
Stlth    ++++......             (no amulet)
HPRegen  0.17/turn              k - ring of magical power
MPRegen  0.14/turn              j - ring of protection from fire

@: brilliant, lethally poisoned (-1 -> -31)
A: antennae 1, thin skeletal structure 1, nightstalker 2
a: no special abilities


You were on level 5 of the Dungeon.
You were hungry.

You visited 1 branch of the dungeon, and saw 5 of its levels.

You collected 311 gold pieces.

Inventory:

Hand Weapons
 a - a +1 short sword (weapon)
Missiles
 g - 54 arrows
 i - 17 bolts
 m - 5 tomahawks
 n - 77 stones (quivered)
 q - 3 needles of confusion
 r - 52 sling bullets
Armour
 e - a +0 scale mail (worn)
 u - a +1 pair of boots (worn)
Jewellery
 j - a ring of protection from fire (right hand)
 k - a ring of magical power (left hand)
 l - a cursed amulet of inaccuracy {unknown}
 y - a cursed -3 ring of protection {unknown}
Scrolls
 b - a scroll of fear
 c - 2 scrolls of teleportation
 f - 7 scrolls of identify
 t - 3 scrolls of enchant weapon
 v - a scroll of amnesia {unknown}
 x - a scroll of remove curse
Potions
 o - a potion of flight
 p - a potion of berserk rage
 z - a potion of haste
Comestibles
 h - 6 rations
 w - 3 chunks of flesh


   Skills:
 * Level 5.3 Fighting
 - Level 1.0 Throwing
 * Level 1.9 Armour
 * Level 2.9 Dodging
 * Level 4.8 Stealth
 - Level 1.0 Unarmed Combat


You had 5 spell levels left.
You didn't know any spells.
Your spell library was empty.

Dungeon Overview and Level Annotations

Branches:
Dungeon (5/15)
 Temple: D:4-7

Altars:
Dithmenos
Kikubaaqudgha
Ru
Yredelemnul

Annotations:
D:2 exclusion: 3 doors


Innate Abilities, Weirdness & Mutations

You have a pair of small antennae on your head.
You have a somewhat thin skeletal structure. (Dex +2, Stealth)
You are significantly more attuned to the shadows.


Message History

You are more poisoned.
You bump into the rock wall.
You feel less invigorated.
You feel less confused.
* * * LOW HITPOINT WARNING * * *
You feel very sick.
The orc wizard gestures at you while chanting.
The magic dart hits you.
* * * LOW HITPOINT WARNING * * *
You barely miss the orc wizard.
* * * LOW HITPOINT WARNING * * *
You feel very sick.
The orc wizard gestures at you while chanting.
You resist with some effort.
You closely miss the orc wizard.
* * * LOW HITPOINT WARNING * * *
You feel very sick.
The orc wizard points at you and mumbles some strange words.
The puff of flame hits you but does no damage.
You closely miss the orc wizard.
You die...

#o#
.######.#
........#
......###
#########o#
......).#.#
.....o#.#.#
.####o#o#.#
#@#...#
#.##### #..
####


You could see an orc wizard and an orc.

Vanquished Creatures
  A howler monkey (D:3)
  An orc wizard (D:3)
  Natasha (thrice) (D:3)
  3 gnolls (D:4)
  8 adders
  A worm (D:3)
  2 dart slugs
  14 orcs
  5 bat zombies (D:2)
  6 goblins
  13 hobgoblins
  2 jackals (D:2)
  10 bats
  4 frilled lizards
  6 kobolds
  A quokka skeleton (D:4)
  10 rats
90 creatures vanquished.

Notes
Turn   | Place    | Note
-------+----------+-------------------------------------------
     0 | D:1      | Chiseanne the Demonspawn Wanderer began the quest for the
                  | Orb.
     0 | D:1      | Chiseanne set off with the following items: a +0 club, a
                  | scroll of fear, a scroll of teleportation, a potion of
                  | curing, a +0 robe, a potion of haste, a +0 dagger, a ration
     0 | D:1      | Reached XP level 1. HP: 19/19 MP: 1/1
   441 | D:1      | Reached skill level 1 in Dodging
   441 | D:1      | Gained mutation: You are slightly more attuned to the
                  | shadows. [demonic ancestry]
   441 | D:1      | Reached XP level 2. HP: 25/25 MP: 2/2
  1251 | D:2      | Found a shadowy altar of Dithmenos.
  1268 | D:2      | Gained mutation: You are significantly more attuned to the
                  | shadows. [demonic ancestry]
  1268 | D:2      | Reached XP level 3. HP: 14/31 MP: 3/3
  1982 | D:2      | Found an ancient bone altar of Kikubaaqudgha.
  3104 | D:3      | Reached XP level 4. HP: 38/38 MP: 4/4
  3205 | D:3      | Noticed Natasha
  3220 | D:3      | Killed Natasha
  3804 | D:3      | Gained mutation: You have a somewhat thin skeletal
                  | structure. (Dex +2, Stealth) [demonic ancestry]
  3804 | D:3      | Reached XP level 5. HP: 34/43 MP: 5/5
  3895 | D:3      | Reached skill level 5 in Fighting
  3895 | D:3      | Reached skill level 1 in Armour
  4025 | D:3      | Noticed Natasha
  4037 | D:3      | Killed Natasha
  4142 | D:3      | Noticed Natasha
  4718 | D:3      | Killed Natasha
  4718 | D:3      | Gained mutation: You have a pair of small antennae on your
                  | head. [demonic ancestry]
  4718 | D:3      | Reached XP level 6. HP: 36/51 MP: 6/6
  5269 | D:4      | Found a sacrificial altar of Ru.
  5816 | D:5      | Entered Level 5 of the Dungeon
  6063 | D:5      | Found a basalt altar of Yredelemnul.
  6162 | D:5      | HP: 2/51 [poisoned by an orc wizard]
  6163 | D:5      | Succumbed to an orc wizard's poison

Skill      XL: |  1  2  3  4  5 |
---------------+----------------+-----
Dodging        | 1 2 |  2.9
Stealth        | 4 |  4.8
Fighting       | 5 |  5.3
Armour         | 1 |  1.9
Throwing       | |  1.0
Unarmed Combat | |  1.0

Action                   |  1- 3 |  4- 6 || total
-------------------------+-------+-------++-------
Melee: Club              |    16 |       ||    16
       Short sword       |   161 |   190 ||   351
Throw: Stone             |       |     1 ||     1
  Use: Scroll            |     5 |     9 ||    14
       Potion            |     5 |     2 ||     7
 Stab: Sleeping          |    22 |    13 ||    35
       Distracted        |       |     1 ||     1
  Eat: Chunk             |     7 |     9 ||    16
Armor: Robe              |    53 |       ||    53
       Skin              |    48 |       ||    48
       Scale mail        |       |    57 ||    57
Dodge: Dodged            |   143 |    91 ||   234
